 Dungeon Crawl Stone Soup version 0.21.1-1-g345015fe64 (webtiles) character file.

20032 DildoBatman the Bewitcher (level 13, -2/98 HPs)
             Began as a Formicid Enchanter on Feb 16, 2018.
             Was a High Priest of Sif Muna.
             Killed from afar by a deep elf mage (19 damage)
             ... with a bolt of negative energy
             ... on level 12 of the Dungeon.
             The game lasted 01:05:47 (15547 turns).

DildoBatman the Bewitcher (Formicid Enchanter)     Turns: 15547, Time: 01:05:47

Health: -2/98      AC: 11    Str: 24    XL:     13   Next: 9%
Magic:  27/27      EV: 14    Int: 15    God:    Sif Muna [*****.]
Gold:   784        SH:  5    Dex: 14    Spells: 11/32 levels left

rFire    . . .     SeeInvis +   a - +5 dagger "Xumupn" {elec, *Contam rElec Str+6}
rCold    . . .     Gourm    .   h - +0 buckler
rNeg     . . .     Faith    .   p - +3 leather armour
rPois    .         Spirit   .   (helmet unavailable)
rElec    +         Reflect  .   U - +2 cloak
rCorr    .         Harm     .   (no gloves)
MR       +....                  u - +0 pair of boots
Stlth    ++++......             m - amulet of magic regeneration
HPRegen  0.26/turn              R - +3 ring of dexterity
MPRegen  0.45/turn              k - ring of stealth

@: drained
A: permanent stasis, dig shafts and tunnels, four strong arms, antennae 3
a: Dig, Shaft Self, Divine Energy, Channel Magic, Forget Spell, Renounce
Religion


You were on level 12 of the Dungeon.
You worshipped Sif Muna.
Sif Muna was extremely pleased with you.
You were completely stuffed.

You visited 2 branches of the dungeon, and saw 13 of its levels.
You also visited: Sewer.

You collected 784 gold pieces.

Inventory:

Hand Weapons
 a - the +5 dagger "Xumupn" (weapon) {elec, *Contam rElec Str+6}
   (You found it on level 6 of the Dungeon)

   Occasionally, upon striking a foe, it will discharge some electrical energy
   and cause terrible harm.
   It affects your strength (+6).
   It insulates you from electricity.
   It causes magical contamination when unequipped.
 b - a +2 short sword of venom
 c - a +2 whip of holy wrath
Armour
 h - a +0 buckler (worn)
 p - a +3 leather armour (worn)
 u - a +0 pair of boots (worn)
 T - a +0 cloak of poison resistance
 U - a +2 cloak (worn)
Jewellery
 g - an uncursed amulet of the gourmand
 k - a ring of stealth (right hand)
 m - an amulet of magic regeneration (around neck)
 r - a +5 amulet of reflection
 t - an uncursed ring of resist corrosion
 B - an uncursed ring of positive energy
 D - an uncursed ring of protection from cold
 H - an uncursed ring of positive energy
 R - a +3 ring of dexterity (left hand)
Scrolls
 e - a scroll of enchant weapon {unknown}
 x - 10 scrolls of remove curse
 z - 7 scrolls of identify
Potions
 d - 5 potions of flight
 l - 4 potions of curing
 M - 2 potions of heal wounds
Comestibles
 v - 30 rations


   Skills:
 * Level 7.9(7.3) Fighting
 - Level 1.0(0.5) Short Blades
 * Level 5.5(5.0) Armour
 * Level 4.5(4.0) Dodging
 * Level 6.6(6.1) Stealth
 * Level 4.2(3.7) Shields
 - Level 10.0(9.3) Spellcasting
 * Level 16.1(15.4) Hexes
 * Level 1.7(1.2) Charms
 * Level 1.9(1.4) Necromancy


You had 11 spell levels left.
You knew the following spells:

 Your Spells              Type           Power        Failure   Level  Hunger
a - Corona                Hex            ######.      1%          1    None
b - Confuse               Hex            ######..     1%          3    #......
d - Regeneration          Chrm/Necr      ##........   21%         3    #......
g - Darkness              Hex            ######....   3%          6    ######.
h - Swiftness             Chrm/Air       #.......     14%         2    None
i - Invisibility          Hex            ######..     3%          6    ######.


Dungeon Overview and Level Annotations

Branches:
Dungeon (12/15)            Temple (1/1) D:6            Lair (0/6) D:11
    Orc (0/2) D:11

Altars:
Ashenzari
Cheibriados
Dithmenos
Elyvilon
Fedhas
Gozag
Hepliaklqana
Kikubaaqudgha
Makhleb
Nemelex Xobeh
Okawaru
Qazlal
Ru
Sif Muna
Trog
Uskayaw
Vehumet
Wu Jian
Xom
Yredelemnul
Zin
The Shining One
Beogh

Shops:
D:4 !   D:8 (


Innate Abilities, Weirdness & Mutations

You cannot be hasted, slowed, berserked, paralysed or teleported.
You can dig through walls and to a lower floor.
Your four strong arms can wield two-handed weapons with a shield.
You have a pair of large antennae on your head. (SInv)


Message History

The demonic crawler hits you!
Casting: Confuse
Confirm with . or Enter, or press ? or * to list all spells.
Aiming: Confuse
Press: ? - help, Shift-Dir - straight line, f - demonic crawler
Aim: a demonic crawler (clinging, summoned, chance to defeat MR: 12%)
The demonic crawler resists with almost no effort.
The demonic crawler closely misses you. The demonic crawler hits you.
The demonic crawler hits you but does no damage.
The deep elf mage gestures wildly while chanting.
The demonic crawler misses you. x2
The demonic crawler hits you.
The tarantella disappears in a puff of smoke!
The jumping spider leaps!
The demonic crawler disappears in a puff of smoke!
The deep elf mage points at you and mumbles some strange words.
The bolt of negative energy hits you!
You feel drained.
You die...

......###+#..!##
####.............#
...............#.#
.##..............#
.##...........#..#
.##.###########..#
.##.## #..#
.....###########.#####.#
.........sse....@......#
......##########.#######
......######.....[......
..........##.###.#######
.....####.##.#...#
.......##.##.#.###
#....#.##....#.#
#....#.###...#.#
######.......'.#


You could see a demonic crawler, a deep elf mage and a jumping spider.

Vanquished Creatures
  A hydra (D:11)
  4 two-headed ogres
  A tengu warrior (D:9)
  The ghost of DildoBatman the Fighter, a novice FoEn (D:7)
  3 death yaks
  The ghost of matti1234 the Vexing, a novice FoAM of Gozag (D:6)
  An ugly thing (D:12)
  Maurice (D:8)
  Joseph (D:7)
  2 centaur skeletons (D:10)
  A queen bee (D:10)
  3 trolls
  Grinder (D:3)
  3 hippogriffs
  Prince Ribbit (D:5)
  A vampire (D:11)
  A wyvern (D:7)
  A wraith (D:11)
  10 yaks
  4 hogs (D:7)
  A hungry ghost (D:12)
  A steam dragon (D:9)
  A human (D:7)
  Menkaure (D:5)
  Duvessa (D:7)
  Purgy (D:3)
  3 black bears
  2 phantoms
  6 sky beasts
  6 orc warriors
  An ice beast (D:7)
  2 necrophages (D:9)
  7 ogres
  16 centaurs
  The ghost of brujo666 the Skirmisher, an amateur GrFi (D:3)
  A crocodile (D:10)
  Blork the orc (D:3)
  5 bullfrogs
  2 wyvern zombies (D:10)
  Dowan (D:7)
  A water moccasin zombie (D:9)
  2 scorpions
  28 killer bees
  6 howler monkeys
  4 crimson imps
  2 centaur zombies
  8 hounds
  Crazy Yiuf (D:7)
  7 orc priests
  8 orc wizards
  A bullfrog skeleton (D:12)
  Terence (D:2)
  Ijyb (D:4)
  4 iguanas
  6 worker ants
  Natasha (thrice) (D:3)
  A killer bee zombie (D:7)
  2 hound skeletons (D:10)
  A mummy (D:4)
  Robin (D:2)
  9 adders
  A howler monkey skeleton (D:10)
  3 river rats (D:4)
  2 shadow imps
  4 oozes (Sewer)
  An adder skeleton (D:6)
  An adder zombie (D:8)
  9 worms
  2 dart slugs
  8 leopard geckos
  34 orcs
  4 giant cockroaches
  16 goblins
  8 hobgoblins
  16 jackals
  5 kobolds
  2 quokkas (D:7)
  2 ball pythons
  14 bats
  10 frilled lizards
  A leopard gecko zombie (D:8)
  A quokka skeleton (D:8)
  11 rats
  2 fungi (D:7)
356 creatures vanquished.

Vanquished Creatures (collateral kills)
  A killer bee (D:10)
1 creature vanquished.

Vanquished Creatures (others)
  A hippogriff (D:10)
  2 killer bees (D:10)
  A jelly (D:10)
  An iguana (D:10)
  An adder (D:10)
  An orc (D:10)
7 creatures vanquished.

Grand Total: 364 creatures vanquished

Notes
Turn   | Place    | Note
-------+----------+-------------------------------------------
     0 | D:1      | DildoBatman the Formicid Enchanter began the quest for the Orb.
     0 | D:1      | Reached XP level 1. HP: 13/13 MP: 3/3
    79 | D:1      | Reached skill level 1 in Fighting
   132 | D:1      | Reached XP level 2. HP: 18/21 MP: 3/5
   556 | D:1      | Reached XP level 3. HP: 16/28 MP: 4/6
   581 | D:1      | Learned a level 3 spell: Confuse
   868 | D:2      | Found a snail-covered altar of Cheibriados.
  1270 | D:2      | Reached XP level 4. HP: 10/35 MP: 5/7
  1522 | D:2      | Reached skill level 1 in Armour
  1612 | D:2      | Noticed Robin
  1818 | D:2      | Killed Robin
  1829 | D:2      | Found a white marble altar of Elyvilon.
  1934 | D:3      | Noticed Terence
  2035 | D:3      | Noticed Natasha
  2061 | D:3      | Reached XP level 5. HP: 36/41 MP: 8/8
  2120 | D:3      | Noticed Purgy
  2167 | D:3      | Noticed Grinder
  2239 | D:4      | Noticed Ijyb
  2255 | D:4      | Killed Ijyb
  2328 | D:4      | Found Esoawuf's Distillery.
  2372 | D:4      | Found a glowing drain.
  2376 | Sewer    | Entered a sewer
  2534 | Sewer    | Reached XP level 6. HP: 42/49 MP: 7/9
  2963 | D:4      | Reached skill level 1 in Shields
  3017 | D:4      | Reached skill level 5 in Fighting
  3033 | D:4      | HP: 1/51 [mummy (11)]
  3083 | D:4      | Noticed an ogre
  3263 | D:4      | Reached XP level 7. HP: 25/56 MP: 10/10
  3537 | D:5      | Entered Level 5 of the Dungeon
  3790 | D:5      | Noticed Menkaure
  4182 | D:5      | Noticed Prince Ribbit
  4508 | D:6      | Found a staircase to the Ecumenical Temple.
  4517 | Temple   | Entered the Ecumenical Temple
  4656 | Temple   | Became a worshipper of Sif Muna the Loreminder
  4898 | D:6      | Reached XP level 8. HP: 49/63 MP: 11/11
  4904 | D:6      | Reached skill level 5 in Stealth
  4911 | D:6      | Noticed matti1234's ghost (novice FoAM)
  5171 | D:6      | Reached skill level 4 in Hexes
  5192 | D:6      | Got a shimmering dagger
  5194 | D:6      | Identified the +5 dagger "Xumupn" {elec, *Contam rElec Str+6} (You found it on level 6 of the Dungeon)
  5543 | D:5      | Killed Menkaure
  5593 | D:5      | Reached * piety under Sif Muna
  5593 | D:5      | Reached skill level 5 in Hexes
  5677 | D:5      | Killed Prince Ribbit
  5884 | D:4      | Reached skill level 6 in Hexes
  5946 | D:4      | Reached XP level 9. HP: 69/69 MP: 9/16
  5989 | D:3      | Reached skill level 5 in Spellcasting
  6012 | D:3      | Killed Natasha
  6249 | D:3      | Noticed brujo666's ghost (amateur GrFi)
  6260 | D:3      | Killed Purgy
  6260 | D:3      | Reached skill level 7 in Hexes
  6277 | D:3      | Killed brujo666's ghost
  6277 | D:3      | Reached ** piety under Sif Muna
  6417 | D:3      | Killed Grinder
  6417 | D:3      | Reached skill level 8 in Hexes
  6424 | D:3      | Noticed Blork the orc
  6436 | D:3      | Found a deep blue altar of Sif Muna.
  6437 | D:3      | Killed Blork the orc
  6485 | D:3      | Noticed Natasha
  6497 | D:3      | Killed Natasha
  6506 | D:3      | Noticed Natasha
  6517 | D:3      | Killed Natasha
  6517 | D:3      | Reached skill level 9 in Hexes
  6650 | D:2      | Killed Terence
  7033 | D:7      | Noticed Joseph
  7048 | D:7      | Killed Joseph
  7048 | D:7      | Reached skill level 10 in Hexes
  7231 | D:7      | Noticed Dowan
  7343 | D:7      | Reached XP level 10. HP: 76/76 MP: 12/17
  7413 | D:7      | Noticed DildoBatman's ghost (novice FoEn)
  7473 | D:7      | Killed DildoBatman's ghost
  7473 | D:7      | Reached *** piety under Sif Muna
  7473 | D:7      | Reached skill level 12 in Hexes
  7539 | D:7      | Noticed Duvessa
  7567 | D:7      | Killed Duvessa
  7591 | D:7      | Killed Dowan
  7981 | D:7      | Found a runed door.
  8009 | D:7      | Noticed Crazy Yiuf
  8018 | D:7      | Killed Crazy Yiuf
  8149 | D:6      | Killed matti1234's ghost
  8174 | D:8      | Noticed Maurice
  8206 | D:8      | Killed Maurice
  8299 | D:8      | Reached skill level 5 in Armour
  8481 | D:8      | Noticed a two-headed ogre
  8647 | D:7      | Reached **** piety under Sif Muna
  8734 | D:8      | Killed a two-headed ogre
  8734 | D:8      | Reached XP level 11. HP: 37/84 MP: 15/20
  8757 | D:8      | Reached skill level 13 in Hexes
  9257 | D:8      | Found a shattered altar of Ashenzari.
  9523 | D:8      | Found a blossoming altar of Fedhas.
  9533 | D:8      | Found a glowing golden altar of the Shining One.
  9631 | D:8      | Found Nailab's Weapon Boutique.
  9815 | D:9      | Noticed a tengu warrior
 10091 | D:9      | Killed a tengu warrior
 10354 | D:9      | Found a stormy altar of Qazlal.
 10354 | D:9      | Found a sparkling altar of Nemelex Xobeh.
 10377 | D:9      | Noticed a two-headed ogre
 10389 | D:9      | Killed a two-headed ogre
 10389 | D:9      | Reached skill level 14 in Hexes
 10690 | D:9      | Found a sacrificial altar of Ru.
 10717 | D:9      | Reached ***** piety under Sif Muna
 10976 | D:10     | Entered Level 10 of the Dungeon
 11217 | D:10     | Received a gift from Sif Muna
 11233 | D:10     | Learned a level 6 spell: Invisibility
 11236 | D:10     | Learned a level 2 spell: Swiftness
 11263 | D:10     | Found a shimmering altar of Xom.
 11971 | D:7      | Reached XP level 12. HP: 91/91 MP: 22/25
 12247 | D:11     | Noticed a four-headed hydra
 12323 | D:11     | Found a staircase to the Lair.
 12324 | D:11     | Noticed a death yak
 12337 | D:11     | Noticed a two-headed ogre
 12363 | D:11     | Killed a two-headed ogre
 12536 | D:11     | Killed a four-headed hydra
 12555 | D:11     | Learned a level 3 spell: Regeneration
 12691 | D:11     | Reached skill level 10 in Spellcasting
 12760 | D:11     | Noticed a death yak
 12806 | D:11     | Reached skill level 15 in Hexes
 13150 | D:11     | Identified Sif Muna's Almanac of Hurtful Necromancy (Sif Muna gifted it to you on level 11 of the Dungeon)
 13150 | D:11     | Received a gift from Sif Muna
 13155 | D:11     | Noticed a two-headed ogre
 13181 | D:11     | Killed a two-headed ogre
 13231 | D:11     | Found a stormy altar of Qazlal.
 13394 | D:11     | Found a staircase to the Orcish Mines.
 13636 | D:11     | Reached skill level 16 in Hexes
 13794 | D:10     | Killed a death yak
 14073 | D:11     | Killed a death yak
 14073 | D:11     | Reached skill level 1 in Charms
 14073 | D:11     | Reached skill level 1 in Necromancy
 14178 | D:11     | Noticed a death yak
 14331 | D:11     | Killed a death yak
 14393 | D:11     | Reached XP level 13. HP: 80/98 MP: 17/27
 14460 | D:11     | Found a roughly hewn altar of Beogh.
 14843 | D:11     | Learned a level 6 spell: Darkness
 15547 | D:12     | Killed from afar by a deep elf mage

Skill      XL: |  1  2  3  4  5  6  7  8  9 10 11 12 13 |
---------------+----------------------------------------+-----
Fighting       | 1 2 3 4 5 6 7 |  7.9
Dodging        | 2 3 4 |  4.5
Armour         | 2 3 4 5 |  5.5
Stealth        | 4 5 6 |  6.6
Shields        | 3 4 |  4.2
Hexes          | 6 10 12 14 16 | 16.1
Spellcasting   | 4 5 6 9 10 | 10.0
Charms         | 1 |  1.7
Necromancy     | 1 |  1.9
Short Blades   | |  1.0

Action                   |  1- 3 |  4- 6 |  7- 9 | 10-12 | 13-15 || total
-------------------------+-------+-------+-------+-------+-------++-------
Melee: Dagger            |   124 |    99 |   137 |   655 |    59 ||  1074
       Falchion          |       |    13 |       |       |       ||    13
       Short sword       |       |   211 |    70 |       |       ||   281
       Whip              |       |     9 |    15 |       |       ||    24
 Cast: Corona            |    26 |    33 |    30 |    59 |     1 ||   149
       Confuse           |       |       |    13 |   200 |    12 ||   225
       Regeneration      |       |       |       |     8 |     3 ||    11
       Invisibility      |       |       |       |     3 |       ||     3
 Abil: Dig               |     1 |     7 |     4 |    17 |     8 ||    37
  Use: Potion            |     2 |     1 |     1 |       |     2 ||     6
       Scroll            |       |     3 |     1 |       |       ||     4
 Stab: Sleeping          |     1 |     6 |     7 |     3 |     1 ||    18
       Confused          |       |       |    11 |    51 |     3 ||    65
       Distracted        |       |       |     1 |     1 |       ||     2
       Invisible         |       |       |       |     6 |       ||     6
  Eat: Chunk             |     2 |     9 |    14 |    41 |    16 ||    82
       Ration            |       |       |       |     1 |       ||     1
Armor: Robe              |     7 |       |       |       |       ||     7
       Ring mail         |    20 |   126 |    45 |     5 |       ||   196
       Leather armour    |       |       |       |   103 |    12 ||   115
Dodge: Dodged            |    60 |   230 |    94 |   300 |    40 ||   724
Block: Buckler           |       |       |    30 |    89 |     6 ||   125
       Rpst.: Falchion   |       |     2 |       |       |       ||     2
